AoeStats
← Marbas

Black Forest

507811172Analyzed
4v4 RM · 12d ago on Sep 19, 2026· 61m 7s· 8 players
Game mode
Random Map
Map size
Large (8 player)
Population
200
Speed
Normal
Resources
Standard
Victory
Conquest
Starting age
Dark Age
Ending age
Imperial Age
RankedLock teamsTeams togetherTeam positionsShared explorationLock speedFull tech treeHidden civsTurbo modeCheats
Victory
Defeat
🇦🇷 Armenians · Argentina
1894
+11
🇦🇺 Lithuanians · Australia
1862
+12
🇨🇳 Hindustanis · China
1706
+19
🇨🇿 Khitans · Czechia
1698
+19
🇸🇪 Mongols · Sweden
1843
-18
🇷🇺 Romans · Russia
1813
-17
🇸🇪 Georgians · Sweden
1747
-14
🇷🇺 Malay · Russia
1682
-12
RudelyGreat
1:02 Loom
11:55 Feudal Age
16:20 Castle Age
14:54 Double-Bit Axe
15:57 Horse Collar
22:48 Wheelbarrow
23:27 Fletching
37:37 Hand Cart
37:52 Caravan
39:29 Heavy Plow
39:45 Bow Saw
45:44 Imperial Age
44:48 Bodkin Arrow
45:15 Ballistics
44:57 Padded Archer Armor
45:54 Elite Mangudai
46:35 Bracer
47:46 Chemistry
47:03 Leather Archer Armor
49:05 Bloodlines
48:55 Husbandry
49:02 Thumb Ring
49:28 Parthian Tactics
Marbas
12:20 Feudal Age
12:05 Double-Bit Axe
17:26 Castle Age
16:23 Fishing Lines
17:20 Gillnets
18:55 Bow Saw
18:36 Gold Mining
20:51 Fletching
20:39 Crossbowman
21:41 Bodkin Arrow
23:06 Padded Archer Armor
24:48 Wheelbarrow
25:16 Gold Shaft Mining
26:55 Loom
28:46 Ballistics
29:18 Leather Archer Armor
31:47 Hand Cart
31:37 Horse Collar
35:42 Imperial Age
34:52 Thumb Ring
35:10 Bracer
36:31 Chemistry
36:30 Ring Archer Armor
36:09 Arbalester
37:05 Stone Mining
39:29 Forging
39:36 Siege Engineers
40:21 Stone Shaft Mining
42:26 Iron Casting
42:47 Town Watch
46:05 Treadmill Crane
46:35 Masonry
49:57 Conscription
49:39 Forced Levy
52:57 Squires
53:31 Caravan
53:29 Pikeman
58:53 Elite Skirmisher
PLEBUSHEK
0:51 Loom
15:50 Feudal Age
17:13 Wheelbarrow
21:30 Castle Age
24:39 Double-Bit Axe
26:24 Bow Saw
26:54 Horse Collar
29:46 Pikeman
31:00 Scale Mail Armor
34:43 Forging
36:41 Hand Cart
41:45 Imperial Age
39:38 Chain Mail Armor
39:59 Iron Casting
38:48 Man-at-Arms
39:41 Gold Mining
39:42 Stone Mining
39:48 Stone Mining
41:16 Long Swordsman
43:28 Blast Furnace
42:06 Halberdier
42:06 Legionary
42:47 Squires
45:45 Coinage
45:25 Guilds
45:57 Conscription
47:02 Gold Shaft Mining
46:37 Fletching
47:45 Heavy Plow
48:10 Comitatenses
48:03 Guilds
48:23 Banking
47:56 Caravan
53:59 Gold Shaft Mining
Jonah_
11:34 Feudal Age
15:24 Castle Age
14:26 Double-Bit Axe
16:27 Bow Saw
15:58 Fishing Lines
16:35 Gillnets
20:48 Horse Collar
21:59 Heavy Plow
24:02 Gold Mining
27:57 Imperial Age
26:09 Scale Barding Armor
25:52 Light Cavalry
26:43 Bloodlines
27:01 Husbandry
27:50 Chain Barding Armor
27:56 Forging
28:10 Devotion
28:28 Hussar
30:21 Plate Barding Armor
30:39 Crop Rotation
31:13 Iron Casting
30:04 Cavalier
30:33 Loom
32:18 Wheelbarrow
31:28 Town Watch
31:11 Pikeman
31:52 Squires
31:53 Scale Mail Armor
33:19 Blast Furnace
32:20 Scale Mail Armor
33:44 Hand Cart
34:00 Coinage
33:21 Capped Ram
33:29 Halberdier
35:04 Chain Mail Armor
34:33 Onager
36:33 Plate Mail Armor
36:49 Fletching
36:24 Siege Onager
38:15 Svan Towers
38:30 Conscription
38:07 Bodkin Arrow
38:03 Stone Mining
39:16 Chemistry
38:12 Murder Holes
39:09 Bracer
38:43 Siege Ram
39:56 Banking
39:48 Caravan
39:48 Guard Tower
44:40 Keep
44:27 Ballistics
43:52 Arrowslits
43:53 Elite Monaspa
46:29 Aznauri Cavalry
47:15 Arrowslits
47:35 Siege Engineers
48:08 Hoardings
Franczesco
12:02 Feudal Age
16:31 Castle Age
14:41 Double-Bit Axe
15:34 Domestication
17:35 Gold Mining
18:13 Forging
21:47 Scale Barding Armor
23:23 Chain Barding Armor
26:17 Iron Casting
27:58 Wheelbarrow
28:13 Bow Saw
28:07 Pastoralism
28:23 Loom
31:17 Stone Mining
32:12 Hand Cart
33:24 Stone Shaft Mining
37:00 Imperial Age
35:40 Fishing Lines
37:06 Husbandry
37:57 Fletching
39:03 Town Watch
41:00 Plate Barding Armor
40:04 Elite Steppe Lancer
43:13 Hand Cart
43:46 Guilds
44:47 Caravan
47:04 Clinker Construction
47:05 Siege Engineers
49:23 Two-Man Saw
51:14 Ordo Cavalry
52:40 Chemistry
55:40 Bodkin Arrow
60:33 Ballistics
60:57 Bracer
tim.13
5:27 Loom
12:29 Feudal Age
14:59 Double-Bit Axe
17:35 Castle Age
15:46 Horse Collar
15:58 Gold Mining
16:41 Fishing Lines
18:32 Wheelbarrow
18:35 Bow Saw
21:58 Sanctity
22:26 Gold Shaft Mining
23:10 Redemption
27:12 Stone Mining
31:05 Imperial Age
31:59 Scale Barding Armor
32:05 Forging
32:20 Conscription
31:59 Siege Elephant
33:12 Chain Barding Armor
32:56 Town Watch
33:55 Bloodlines
33:46 Husbandry
33:06 Heavy Camel Rider
34:13 Grand Trunk Road
35:27 Plate Barding Armor
35:29 Iron Casting
35:34 Imperial Camel Rider
38:24 Blast Furnace
37:59 Scale Mail Armor
37:52 Elite Ghulam
38:59 Squires
38:45 Arson
40:33 Two-Man Saw
39:53 Shatagni
40:32 Fletching
40:58 Chain Mail Armor
43:30 Chemistry
42:50 Ballistics
43:02 Hand Cart
43:30 Bodkin Arrow
44:33 Bracer
44:34 Padded Archer Armor
44:21 Light Cavalry
46:57 Leather Archer Armor
47:36 Siege Engineers
47:37 Caravan
48:52 Ring Archer Armor
49:29 Hussar
57:45 Hoardings
57:11 Murder Holes
57:26 Masonry
59:14 Thumb Ring
58:29 Elite Skirmisher
MarginCall
11:08 Feudal Age
12:23 Loom
15:13 Castle Age
13:22 Double-Bit Axe
15:08 Man-at-Arms
16:06 Bow Saw
17:17 Squires
21:25 Long Swordsman
24:41 Fishing Lines
25:35 Horse Collar
26:19 Gillnets
27:51 Wheelbarrow
27:55 Gold Mining
27:55 Stone Mining
32:52 Imperial Age
30:52 Pikeman
31:35 Scale Mail Armor
31:45 Forging
33:28 Fletching
33:54 Chain Mail Armor
33:49 Forging
34:17 Bodkin Arrow
35:07 Hand Cart
34:18 Halberdier
35:20 Capped Ram
37:08 Plate Mail Armor
37:13 Iron Casting
38:00 Iron Casting
38:00 Coinage
38:16 Conscription
38:11 Siege Ram
38:51 Onager
40:36 Chemistry
39:06 Siege Ram
39:37 Gambesons
39:13 Two-Handed Swordsman
40:03 Fereters
39:55 Onager
41:03 Sanctity
40:54 Redemption
41:51 Banking
40:50 Champion
42:33 Blast Furnace
41:33 Bracer
42:42 Block Printing
43:07 Theocracy
44:45 Padded Archer Armor
48:12 Caravan
51:05 Fortified Wall
51:06 Masonry
54:28 Guilds
0653599
1:26 Loom
16:31 Feudal Age
16:59 Double-Bit Axe
16:55 Horse Collar
22:49 Wheelbarrow
22:45 Bloodlines
27:12 Castle Age
25:33 Fishing Lines
28:02 Heavy Plow
28:12 Bow Saw
28:06 Gillnets
30:14 Gold Mining
31:17 Hand Cart
30:57 Stone Mining
34:49 Imperial Age
33:29 Pikeman
37:09 Chemistry
37:43 Conscription
38:52 Padded Archer Armor
41:26 Leather Archer Armor
41:43 Fortified Wall
43:06 Caravan
43:57 Ring Archer Armor
45:33 Town Watch
57:11 Coinage
58:50 Guilds
Connection lost

Rejoining the realm…

Still unreachable

The connection could not be restored.

Session expired

The server has moved on; the page needs a fresh start.